 Dungeon Crawl Stone Soup version 0.20-a0-208-g55166f7 (webtiles) character file.

4067 Faca the Cleaver (level 10, -7/79 HPs)
             Began as a Formicid Fighter on Nov 25, 2016.
             Was a Priest of Trog.
             Mangled by a killer bee (9 damage)
             ... on level 8 of the Dungeon.
             The game lasted 00:36:29 (7351 turns).

Faca the Cleaver (Formicid Fighter)                 Turns: 7351, Time: 00:36:30

Health: -7/79      AC: 13    Str: 20    XL:     10   Next: 49%
Magic:  10/10      EV:  8    Int:  9    God:    Trog [***...]
Gold:   422        SH: 12    Dex: 13    Spells: 9/9 levels left

rFire  . . .     SeeInvis +     r - +4 hand axe
rCold  . . .     Gourm    .     i - +0 chain mail
rNeg   . . .     Faith    .     c - +1 shield
rPois  .         Spirit   .     (helmet unavailable)
rElec  .         Reflect  .     x - +0 cloak
rCorr  .         Harm     +     o - +0 pair of gloves
MR     +++..                    (no boots)
Stlth  ..........               g - amulet of harm
                                u - ring of protection from magic
                                f - ring of protection from magic

@: lethally poisoned (-7 -> -25)
A: permanent stasis, dig shafts and tunnels, four strong arms, antennae 3
a: Dig, Shaft Self, Trog's Hand, Burn Spellbooks, Renounce Religion


You were on level 8 of the Dungeon.
You worshipped Trog.
Trog was most pleased with you.
You were not hungry.

You visited 2 branches of the dungeon, and saw 9 of its levels.

You collected 422 gold pieces.

Inventory:

Hand Weapons
 q - a +4 dire flail
 r - a +4 hand axe (weapon)
Armour
 c - a +1 shield (worn)
 i - a +0 chain mail (worn)
 o - a +0 pair of gloves (worn)
 x - a +0 cloak (worn)
Jewellery
 f - a ring of protection from magic (left hand)
 g - an amulet of harm (around neck)
 u - a ring of protection from magic (right hand)
Scrolls
 h - 2 scrolls of remove curse
 t - a scroll of identify
Potions
 a - a potion of resistance {unknown}
 b - a potion of mutation {unknown}
 d - a potion of might
 e - 2 potions of ambrosia {unknown}
 j - 4 potions of curing
 l - 3 potions of magic {unknown}
 m - a potion of agility
 n - a potion of flight
 w - a potion of brilliance
Comestibles
 k - 2 royal jellies
 s - 3 meat rations
 v - a bread ration


   Skills:
 + Level 7.0 Fighting
 + Level 10.0 Axes
 + Level 1.1(6.3) Maces & Flails
 + Level 7.6 Armour
 + Level 1.6 Dodging
 - Level 1.0 Stealth
 + Level 8.1 Shields


You had 9 spell levels left.
You didn't know any spells.

Dungeon Overview and Level Annotations

Branches:
Dungeon (8/15)             Temple (1/1) D:4
   Lair: D:8-11

Altars:
Ashenzari
Cheibriados
Dithmenos
Elyvilon
Fedhas
Gozag
Hepliaklqana
Kikubaaqudgha
Makhleb
Nemelex Xobeh
Okawaru
Qazlal
Ru
Sif Muna
Trog
Uskayaw
Vehumet
Xom
Yredelemnul
Zin
The Shining One

Annotations:
D:5 Mitch's ghost, novice MfGl


Innate Abilities, Weirdness & Mutations

You cannot be hasted, slowed, berserked, paralysed or teleported.
You can dig through walls and to a lower floor.
Your four strong arms can wield two-handed weapons with a shield.
You have a pair of large antennae on your head. (SInv)


Message History

The killer bee stings you.
You are more poisoned.
The killer bee poisons you! The killer bee stings you! x2
* * * LOW HITPOINT WARNING * * *
You are lethally poisoned!
The killer bee poisons you! You block the killer bee's attack. x2
* * * LOW HITPOINT WARNING * * *
You feel sick. You block the killer bee's attack.
The killer bee barely misses you.
* * * LOW HITPOINT WARNING * * *
You feel sick. You block the killer bee's attack.
The killer bee stings you but does no damage.
The killer bee stings you!
* * * LOW HITPOINT WARNING * * *
Unknown command.
* * * LOW HITPOINT WARNING * * *
You feel sick.
The killer bee rages.
The killer bee barely misses you. The killer bee stings you!
You die...

......####.#.# .####
#...####.### .###### #.#.# #
###...#??'...# ## ######.#.#
#.....#)#'.#.. { #........##
#.#...#.|'...# { #.####......#
#)#...####.### {##.#####..####
#.#.........## #......<..#
####y#)..#..##.##
##.#####.#####y.yy..O##.O...y†
#.#####.....@yy#.).....###.##
{ #........####..####.####.{.#
{{ ########.# ......##.#
#{###. { #.#.....#....... ..
#.#..........## .#
#.......####.# ## ###.....#
#># #.....# #.#


You could see an ogre and 6 killer bees.

Vanquished Creatures
  Pikel (D:4)
  A hippogriff (D:7)
  The ghost of VonBacon the Cudgeler, an amateur FoFi (D:4)
  A hungry ghost (D:7)
  2 vampire mosquitoes (D:8)
  Duvessa (D:7)
  2 orc warriors (D:6)
  3 slaves
  An ice beast (D:6)
  3 ogres
  3 sky beasts (D:5)
  A black bear (D:7)
  2 centaurs
  Dowan (D:7)
  3 scorpions
  7 killer bees (D:8)
  4 wights (D:4)
  2 howler monkeys
  2 crimson imps
  2 hounds
  3 orc priests
  8 orc wizards
  Crazy Yiuf (D:7)
  Jessica (D:3)
  4 iguanas
  Natasha (D:2)
  8 worker ants
  A hound zombie (D:4)
  A worker ant zombie (D:6)
  A howler monkey skeleton (D:6)
  8 adders
  A shadow imp (D:7)
  An ooze (D:5)
  An adder zombie (D:7)
  2 adder skeletons
  A dart slug (D:2)
  4 leopard geckos
  29 orcs
  6 giant cockroaches
  7 hobgoblins
  7 jackals
  4 quokkas
  3 bats
  3 frilled lizards
  12 goblins
  6 kobolds
  A leopard gecko skeleton (D:5)
  2 quokka skeletons
  A quokka zombie (D:7)
  4 rats
175 creatures vanquished.

Vanquished Creatures (others)
  A slave (D:5)
1 creature vanquished.

Grand Total: 176 creatures vanquished

Notes
Turn   | Place    | Note
-------+----------+-------------------------------------------
     0 | D:1      | Faca the Formicid Fighter began the quest for the Orb.
     0 | D:1      | Reached XP level 1. HP: 18/18 MP: 1/1
   169 | D:1      | Reached XP level 2. HP: 22/24 MP: 2/2
   846 | D:2      | Reached XP level 3. HP: 30/30 MP: 3/3
  1298 | D:2      | Reached XP level 4. HP: 37/37 MP: 4/4
  1305 | D:2      | Noticed Natasha
  1313 | D:2      | Killed Natasha
  1782 | D:2      | Reached XP level 5. HP: 42/42 MP: 5/5
  1785 | D:2      | Reached skill level 3 in Axes
  1841 | D:3      | Noticed Jessica
  1848 | D:3      | Killed Jessica
  1878 | D:3      | Reached XP level 6. HP: 37/49 MP: 6/6
  2060 | D:3      | Reached skill level 4 in Axes
  2450 | D:4      | Reached XP level 7. HP: 50/55 MP: 7/7
  2497 | D:4      | Found a staircase to the Ecumenical Temple.
  2506 | Temple   | Entered the Ecumenical Temple
  2520 | Temple   | Became a worshipper of Trog the Wrathful
  2627 | D:4      | Reached skill level 5 in Axes
  2636 | D:4      | Reached skill level 5 in Armour
  2866 | D:4      | Reached skill level 5 in Shields
  3105 | D:4      | Reached XP level 8. HP: 55/61 MP: 8/8
  3357 | D:4      | Noticed VonBacon's ghost (amateur FoFi)
  3376 | D:4      | Killed VonBacon's ghost
  3376 | D:4      | Reached skill level 6 in Axes
  3910 | D:4      | Reached skill level 1 in Stealth
  3914 | D:4      | Reached skill level 5 in Fighting
  3991 | D:5      | Entered Level 5 of the Dungeon
  4010 | D:5      | Reached skill level 1 in Maces & Flails
  4190 | D:5      | Noticed Pikel
  4197 | D:5      | Noticed Mitch's ghost (novice MfGl)
  4256 | D:4      | Killed Pikel
  4256 | D:4      | Reached skill level 7 in Axes
  4256 | D:4      | Reached skill level 1 in Dodging
  4256 | D:4      | Reached XP level 9. HP: 58/68 MP: 9/9
  4641 | D:5      | Reached * piety under Trog
  4740 | D:5      | Reached skill level 8 in Axes
  5072 | D:6      | Found a glowing silver altar of Zin.
  5091 | D:6      | Found a radiant altar of Vehumet.
  5091 | D:6      | Found a white marble altar of Elyvilon.
  5092 | D:6      | Found a deep blue altar of Sif Muna.
  5103 | D:6      | Found a stormy altar of Qazlal.
  5148 | D:6      | Reached ** piety under Trog
  5915 | D:6      | Reached skill level 9 in Axes
  6104 | D:7      | Reached XP level 10. HP: 77/77 MP: 10/10
  6205 | D:7      | Noticed Dowan
  6206 | D:7      | Noticed Duvessa
  6221 | D:7      | Killed Dowan
  6231 | D:7      | Killed Duvessa
  6673 | D:7      | Found a runed door.
  6677 | D:7      | Noticed Crazy Yiuf
  6687 | D:7      | Killed Crazy Yiuf
  6930 | D:8      | Reached *** piety under Trog
  7034 | D:8      | Reached skill level 10 in Axes
  7350 | D:8      | HP: 3/79 [killer bee (10)]
  7351 | D:8      | Mangled by a killer bee

Vault maps used:
D:1:      minmay_arrival_wavy_path, hex_tiny
D:2:      minmay_tripent, uniq_natasha
D:3:      uniq_jessica
D:4:      first_bread, minmay_small_thing
D:5:      uniq_pikel
D:6:      nicolae_overflow_quartered_altars, kennysheep_mini
D:7:      uniq_duvessa, uniq_crazy_yiuf_cottage
D:8:      minmay_blocky_corners, basic_altar, david_nohive_1,
          minmay_misc_feat_iff, eino_jars
Temple:   compressed_dpeg_circular_temple

Skill      XL: |  1  2  3  4  5  6  7  8  9 10 |
---------------+-------------------------------+-----
Fighting       | 4 5 6 7 |  7.0
Shields        | 4 5 6 7 8 |  8.1
Armour         | 4 5 6 7 |  7.6
Axes           | 3 4 5 7 9 10 | 10.0
Stealth        | 1 |  1.0
Maces & Flails | 1 |  1.1
Dodging        | 1 |  1.6

Action                   |  1- 3 |  4- 6 |  7- 9 | 10-12 || total
-------------------------+-------+-------+-------+-------++-------
Melee: War axe           |    87 |   153 |    53 |       ||   293
       Dire flail        |       |       |     6 |       ||     6
       Hand axe          |       |       |   297 |   158 ||   455
Throw: Javelin           |       |       |     6 |       ||     6
Invok: Burn Spellbooks   |       |       |     1 |       ||     1
  Use: Scroll            |     5 |     3 |     3 |     3 ||    14
       Potion            |     4 |       |     2 |     2 ||     8
  Eat: Bread ration      |     1 |       |     1 |       ||     2
       Royal jelly       |       |     1 |       |       ||     1
       Meat ration       |       |       |     2 |       ||     2
       Fruit             |       |       |       |     2 ||     2
       Beef jerky        |       |       |       |     1 ||     1
Armor: Scale mail        |    10 |       |       |       ||    10
       Chain mail        |    47 |    80 |    90 |   101 ||   318
Dodge: Dodged            |    18 |    44 |    58 |    61 ||   181
Block: Shield            |    47 |    74 |   133 |   127 ||   381
